 Dungeon Crawl Stone Soup version 0.26-a0-854-gdc81c2f471 (webtiles) character file.

Game seed: 17340346399306801253

76 LabCoat the Chopper (level 4, -1/40 HPs)
             Began as a Hill Orc Fighter on Nov 24, 2020.
             Slain by a bullfrog (4 damage)
             ... on level 2 of the Dungeon.
             The game lasted 00:03:08 (1608 turns).

LabCoat the Chopper (Hill Orc Fighter)              Turns: 1608, Time: 00:03:10

Health: -1/40      AC:  7    Str: 19    XL:     4   Next: 32%
Magic:  4/4        EV:  7    Int:  8    God:
Gold:   70         SH:  9    Dex: 10    Spells: 3/3 levels left

rFire    . . .     SeeInvis .   a - +0 war axe
rCold    . . .     Faith    .   c - +0 kite shield
rNeg     . . .     Spirit   .   b - +0 scale mail
rPois    .         Reflect  .   (no helmet)
rElec    .         Harm     .   (no cloak)
rCorr    .         Rampage  .   (no gloves)
MR       .....                  (no boots)
Stlth    ..........             (no amulet)
HPRegen  0.13/turn              (no ring)
MPRegen  0.09/turn              (no ring)

@: lethally poisoned (-1 -> -2)
A: no striking features
a: no special abilities


You were on level 2 of the Dungeon.
You visited 1 branch of the dungeon, and saw 2 of its levels.

You collected 70 gold pieces.

Inventory:

Hand Weapons
 a - a +0 war axe (weapon)
Missiles
 g - 10 boomerangs (quivered)
Armour
 b - a +0 scale mail (worn)
 c - a +0 kite shield (worn)
Scrolls
 f - a scroll of immolation {unknown}
Potions
 d - a potion of might
 e - 2 potions of lignification {unknown}
 h - a potion of brilliance {unknown}


   Skills:
 + Level 4.1 Fighting
 * Level 4.5 Axes
 + Level 3.7 Armour
 + Level 3.8 Shields


You had 3 spell levels left.
You didn't know any spells.
Your spell library was empty.

Dungeon Overview and Level Annotations

Branches:
Dungeon (2/15)

Altars:
Gozag
Nemelex Xobeh


Message History

The adder is lightly wounded.
Your shield and scale mail prevent you from hitting the bullfrog.
You block the adder's attack. The bullfrog hits you.
* * * LOW HITPOINT WARNING * * *
The bullfrog hits you but does no damage.
You block the adder's attack.
You hit the adder.
The adder is heavily wounded.
You hit the bullfrog.
You feel sick.
The bullfrog hits you but does no damage.
The adder closely misses you.
The bullfrog hits you but does no damage.
You barely miss the adder.
The adder is heavily wounded.
You hit the bullfrog. The adder barely misses you. The bullfrog hits you.
* * * LOW HITPOINT WARNING * * *
The adder bites you.
* * * LOW HITPOINT WARNING * * *
The bullfrog hits you.
You die...

##...##.#.####.###.###
#...##.#.# #.###_..'
#...##.#.# #.###.###
#...##.#.####.# #.# #
#...##.#>.....###†###
#...##.#.####....)...
#...##...# ##...†...
#...###### #.......
#...@....# ########
##.F)S...# #.......#
#.......############
#.......#...........
#.......#...........
#.......#...........
#.......#...........
#...........


You could see a bullfrog and an adder.

Vanquished Creatures
  2 adders (D:2)
  An ooze (D:2)
  2 dart slugs
  3 leopard geckos
  3 giant cockroaches (D:1)
  2 goblins (D:2)
  9 hobgoblins
  3 jackals (D:1)
  2 kobolds
  A quokka (D:2)
  3 bats
  5 frilled lizards
  11 rats
47 creatures vanquished.

Notes
Turn   | Place    | Note
-------+----------+-------------------------------------------
     0 | D:1      | LabCoat the Hill Orc Fighter began the quest for the Orb.
     0 | D:1      | Reached XP level 1. HP: 19/19 MP: 1/1
   245 | D:1      | Reached XP level 2. HP: 26/27 MP: 2/2
   583 | D:1      | Reached XP level 3. HP: 27/33 MP: 3/3
  1033 | D:2      | Reached XP level 4. HP: 19/40 MP: 4/4
  1390 | D:2      | Found a sparkling altar of Nemelex Xobeh.
  1538 | D:2      | Found an opulent altar of Gozag.
  1597 | D:2      | Noticed a bullfrog
  1608 | D:2      | Slain by a bullfrog

Illustrated notes

Levels and vault maps discovered:
D:1:      onia_arrival_mini_maze_b, layout_basic,
          hangedman_abyss_or_decor_lesser_grid, hangedman_decor_opposing
D:2:      layout_basic, general_overflow_altar, lemuel_doored_altar

Skill      XL: |  1  2  3 |
---------------+----------+-----
Axes           | 3 4 |  4.5
Fighting       | 4 |  4.1
Armour         | |  3.7
Shields        | |  3.8

Action                   |  1- 3 |  4- 6 || total
-------------------------+-------+-------++-------
Melee: War axe           |   144 |    41 ||   185
Throw: Boomerang         |     1 |       ||     1
  Use: Scroll            |     1 |       ||     1
Armor: Scale mail        |    65 |    18 ||    83
Dodge: Dodged            |    54 |    15 ||    69
Block: Kite shield       |    89 |    23 ||   112

Table legend: (Time is in decaauts)
 A = Elapsed time spent in this place.
 B = Non-inter-level travel time spent in this place.
 C = Inter-level travel time spent in this place.
 D = Time resting spent in this place.
 E = Time spent auto-exploring this place.
 F = Levels seen in this place.
 G = Mean time per level.
                   A        B        C        D        E       F      G
               +--------+--------+--------+--------+--------+-----+--------+
         Total |   1679 |   1660 |     19 |    393 |    909 |   2 |  839.5 |
       Dungeon |   1679 |   1660 |     19 |    393 |    909 |   2 |  839.5 |
               +--------+--------+--------+--------+--------+-----+--------+

Top non-repeatable levels by time:
     D:1: 924 daAuts
     D:2: 755 daAuts
